 Dungeon Crawl Stone Soup version 0.26-a0-812-g31a745ddcd (webtiles) character file.

Game seed: 399663815678909838

11482 tognito the Severer (level 11, -18/82 HPs)
             Began as a Minotaur Berserker on Dec 1, 2020.
             Was a High Priest of Trog.
             Demolished by a two-headed ogre
             ... wielding a +0 giant club
              (20 damage)
             ... on level 10 of the Dungeon.
             The game lasted 00:19:12 (11106 turns).

tognito the Severer (Minotaur Berserker)           Turns: 11106, Time: 00:19:12

Health: -18/82     AC: 12    Str: 25    XL:     11   Next: 49%
Magic:  10/10      EV:  9    Int:  4    God:    Trog [*****.]
Gold:   594        SH:  0    Dex:  8    Spells: 10/10 levels left

rFire    . . .     SeeInvis .   a - +3 war axe
rCold    . . .     Faith    .   (no shield)
rNeg     + . .     Spirit   .   r - +0 chain mail
rPois    +         Reflect  .   x - +1 hat of the Thirteen Stories {+Blink rElec rPois Dex-2}
rElec    +         Harm     .   (no cloak)
rCorr    +         Rampage  .   b - +0 pair of gloves
MR       .....                  l - +0 pair of boots
Stlth    ..........             (no amulet)
HPRegen  0.23/turn              s - ring of positive energy
MPRegen  0.12/turn              v - ring of resist corrosion

@: no status effects
A: retaliatory headbutt, horns 2
a: Berserk, Trog's Hand, Brothers in Arms, Renounce Religion, Evoke Blink


You were on level 10 of the Dungeon.
You worshipped Trog.
Trog was extremely pleased with you.
You visited 1 branch of the dungeon, and saw 10 of its levels.

You collected 594 gold pieces.

Inventory:

Hand Weapons
 a - a +3 war axe (weapon)
Missiles
 k - 29 poisoned darts (quivered)
 E - 8 boomerangs
Armour
 b - a +0 pair of gloves (worn)
 j - a +0 pair of boots
 l - a +0 pair of boots (worn)
 r - a +0 chain mail (worn)
 x - the +1 hat of the Thirteen Stories (worn) {+Blink rElec rPois Dex-2}
   (You found it on level 7 of the Dungeon)

   It affects your dexterity (-2).
   It insulates you from electricity.
   It protects you from poison.
   It lets you blink.
Jewellery
 o - an uncursed ring of positive energy
 s - a ring of positive energy (left hand)
 v - a ring of resist corrosion (right hand)
 G - a cursed amulet of faith
Wands
 i - a wand of random effects (14)
 p - a wand of polymorph (13)
 t - a wand of flame (28)
 y - a wand of digging (3)
 A - a wand of paralysis (5)
 F - a wand of iceblast (10)
Scrolls
 c - 4 scrolls of immolation {unknown}
 d - a scroll of random uselessness {unknown}
 e - 3 scrolls of enchant weapon
 f - 2 scrolls of remove curse
 h - 10 scrolls of identify
 m - a scroll of amnesia {unknown}
 q - 8 scrolls of teleportation {unknown}
 u - a scroll of fear {unknown}
 w - a scroll of magic mapping {unknown}
 z - a scroll of noise {unknown}
 B - 2 scrolls of enchant armour {unknown}
 H - a scroll of acquirement {unknown}
Potions
 g - 2 potions of berserk rage
 n - 5 potions of curing
 C - 2 potions of might
 D - a potion of heal wounds


   Skills:
 - Level 3.6 Fighting
 * Level 19.9 Axes
 - Level 2.4 Armour
 - Level 2.1 Dodging


You had 10 spell levels left.
You didn't know any spells.
Your spell library was empty.

Dungeon Overview and Level Annotations

Branches:
Dungeon (10/15)            Temple (0/1) D:6             Orc (0/2) D:9
   Lair: D:8-11

Altars:
Kikubaaqudgha

Shops:
D:5 *


Innate Abilities, Weirdness & Mutations

You reflexively headbutt those who attack you in melee.
You have a pair of horns on your head.


Message History

You hit the two-headed ogre.
Your headbutt misses the two-headed ogre.
The two-headed ogre is lightly wounded.
The two-headed ogre hits you with a +0 giant club!
The two-headed ogre hits you but does no damage.
You slash the two-headed ogre!
The two-headed ogre is moderately wounded.
You slice the two-headed ogre!!
The two-headed ogre is severely wounded.
The two-headed ogre hits you with a +0 giant club!!
The two-headed ogre hits you with a +0 giant club.
* * * LOW HITPOINT WARNING * * *
You slash the two-headed ogre!
The two-headed ogre is almost dead.
You hit the two-headed ogre but do no damage.
The two-headed ogre is almost dead.
The two-headed ogre hits you with a +0 giant club!!
* * * LOW HITPOINT WARNING * * *
The two-headed ogre hits you with a +0 giant club!!
You die...

#...........#
#...>'†
#...........#
#....##
#...........#
#....#
#...........#
#....#
#...........#
#....#
######)######
#....# #)#
###'## #O#
#..# #@#
##.#### #.##
#...... #.<#
#...... ##)#
#.....† #)#
#...... #.#
#...... #.#
#...... #.#
#...... #.#
#[.....


You could see a two-headed ogre.

Vanquished Creatures
  A two-headed ogre (D:8)
  A deep troll (D:9)
  Pikel (D:5)
  A troll (D:9)
  Sigmund (D:2)
  2 wyverns
  23 yaks (D:10)
  An orc warrior (D:10)
  3 sky beasts
  2 ogres
  2 ice beasts (D:10)
  5 phantoms
  4 centaurs
  A lemure (D:5)
  A big kobold (D:10)
  A gnoll sergeant (D:5)
  A water moccasin zombie (D:7)
  2 bullfrogs
  8 scorpions
  9 wights
  4 howler monkeys
  4 centaur zombies
  A bullfrog skeleton (D:5)
  2 bullfrog zombies
  7 hounds
  2 centaur skeletons
  A jelly (D:8)
  4 orc priests
  6 orc wizards
  Jessica (D:2)
  3 iguanas
  14 worker ants
  A killer bee zombie (D:6)
  A hound zombie (D:6)
  A hound skeleton (D:5)
  2 worker ant zombies
  8 gnolls
  11 adders
  A shadow imp (D:8)
  6 white imps
  2 ufetubi
  2 oozes
  3 adder skeletons
  2 worms
  2 dart slugs
  4 leopard geckos
  23 orcs
  9 giant cockroaches
  7 goblins
  7 hobgoblins
  13 jackals
  9 kobolds
  7 quokkas
  A ball python (D:2)
  10 bats
  7 frilled lizards
  2 jackal skeletons
  2 quokka skeletons (D:4)
  A quokka zombie (D:5)
  7 rats
270 creatures vanquished.

Vanquished Creatures (collateral kills)
  The ghost of arkorax the Fighter, a novice MiFi of Ru (D:9)
  Grinder (D:5)
  An ogre (D:9)
3 creatures vanquished.

Vanquished Creatures (others)
  A withered plant (D:2)
1 creature vanquished.

Grand Total: 274 creatures vanquished

Notes
Turn   | Place    | Note
-------+----------+-------------------------------------------
     0 | D:1      | tognito the Minotaur Berserker began the quest for the Orb.
     0 | D:1      | Reached XP level 1. HP: 19/19 MP: 0/0
   168 | D:1      | Reached skill level 4 in Axes
   461 | D:1      | Reached XP level 2. HP: 13/26 MP: 1/1
   983 | D:1      | Reached ** piety under Trog
   983 | D:1      | Reached skill level 5 in Axes
  1246 | D:2      | Reached XP level 3. HP: 31/31 MP: 2/2
  1328 | D:2      | Found an ancient bone altar of Kikubaaqudgha.
  1366 | D:2      | Noticed Jessica
  1379 | D:2      | Killed Jessica
  1379 | D:2      | Reached skill level 6 in Axes
  1379 | D:2      | Reached XP level 4. HP: 11/39 MP: 3/3
  2071 | D:2      | Noticed Sigmund
  2093 | D:2      | Killed Sigmund
  2093 | D:2      | Reached skill level 8 in Axes
  2093 | D:2      | Reached XP level 5. HP: 22/45 MP: 4/4
  2263 | D:2      | Reached XP level 6. HP: 48/51 MP: 5/5
  2649 | D:3      | Reached *** piety under Trog
  2977 | D:3      | Reached skill level 9 in Axes
  3615 | D:4      | Reached XP level 7. HP: 53/57 MP: 6/6
  3865 | D:4      | Reached skill level 10 in Axes
  4335 | D:4      | Reached **** piety under Trog
  4610 | D:5      | Entered Level 5 of the Dungeon
  4635 | D:5      | Reached skill level 11 in Axes
  4976 | D:5      | Noticed Grinder
  4976 | D:5      | Paralysed by Grinder for 4 turns
  4984 | D:5      | Killed Grinder
  4984 | D:5      | Reached XP level 8. HP: 64/64 MP: 7/7
  5136 | D:5      | Reached skill level 12 in Axes
  5370 | D:5      | Found Puwuc's Elemental Accessories.
  5635 | D:5      | Noticed Pikel
  5644 | D:5      | Killed Pikel
  5644 | D:5      | Reached skill level 13 in Axes
  6254 | D:6      | Reached XP level 9. HP: 70/70 MP: 8/8
  6261 | D:6      | Reached skill level 14 in Axes
  6734 | D:6      | Found a staircase to the Ecumenical Temple.
  7204 | D:7      | Got a shimmering hat
  7209 | D:7      | Identified the +1 hat of the Thirteen Stories {+Blink rElec
                  | rPois Dex-2} (You found it on level 7 of the Dungeon)
  7738 | D:8      | Reached skill level 15 in Axes
  8017 | D:8      | Reached ***** piety under Trog
  8201 | D:8      | Noticed a two-headed ogre
  8215 | D:8      | Killed a two-headed ogre
  8215 | D:8      | Reached skill level 16 in Axes
  8215 | D:8      | Reached XP level 10. HP: 77/77 MP: 9/9
  8685 | D:9      | Found a runed translucent gate.
  8685 | D:9      | Found a runed translucent gate.
  8687 | D:9      | Found a runed translucent gate.
  8687 | D:9      | Noticed a deep troll
  8687 | D:9      | Noticed arkorax's ghost (novice MiFi)
  8707 | D:9      | Killed a deep troll
  8707 | D:9      | Reached skill level 17 in Axes
  8715 | D:9      | Killed arkorax's ghost
  9333 | D:9      | Found a staircase to the Orcish Mines.
  9565 | D:10     | Entered Level 10 of the Dungeon
  9572 | D:10     | Reached skill level 18 in Axes
  9843 | D:10     | Reached XP level 11. HP: 45/82 MP: 10/10
 10129 | D:10     | Reached skill level 19 in Axes
 11096 | D:10     | Noticed a two-headed ogre
 11106 | D:10     | HP: 2/82 [two-headed ogre/+0 giant club (21)]
 11106 | D:10     | Demolished by a two-headed ogre

Illustrated notes

Levels and vault maps discovered:
D:1:      dpeg_arrival_rooms_a, layout_loops_cross
D:2:      layout_basic, kiku_gazebo_garden_becter, uniq_sigmund, uniq_jessica
D:3:      layout_basic
D:4:      layout_gridville
D:5:      layout_loops_corners, nicolae_elemental_shop, uniq_grinder, uniq_pikel
D:6:      layout_loops_ring, minmay_temple_entry_wispy
D:7:      layout_loops_ring, dk_noncrumbling_2
D:8:      layout_rooms
D:9:      layout_loops_corners, orc_0_dummy, gammafunk_ghost_split,
          minmay_quadrilaterals
D:10:     layout_roguey

Skill      XL: |  1  2  3  4  5  6  7  8  9 10 11 |
---------------+----------------------------------+-----
Axes           | 4 5 6 8 9 11 13 16 18 19 | 19.9
Fighting       | |  3.6
Armour         | |  2.4
Dodging        | |  2.1

Action                   |  1- 3 |  4- 6 |  7- 9 | 10-12 || total
-------------------------+-------+-------+-------+-------++-------
Melee: Hand axe          |    67 |   165 |    11 |       ||   243
       Headbutt          |     9 |    24 |    65 |    50 ||   148
       Unarmed           |       |     2 |       |       ||     2
       War axe           |       |       |   265 |   239 ||   504
Throw: Dart              |     4 |       |    30 |     3 ||    37
Invok: Trog's Hand       |       |       |     1 |     1 ||     2
       Brothers in Arms  |       |       |     1 |     1 ||     2
       Berserk           |       |       |     2 |     2 ||     4
Evoke: Wand              |       |       |     2 |       ||     2
  Use: Potion            |     3 |       |     5 |     4 ||    12
       Scroll            |       |       |     3 |       ||     3
 Stab: Paralysed         |       |       |     2 |       ||     2
Armor: Animal skin       |     9 |       |       |       ||     9
       Ring mail         |    11 |    29 |       |       ||    40
       Chain mail        |       |    16 |   139 |    90 ||   245
       Scale mail        |       |    10 |       |       ||    10
Dodge: Dodged            |    43 |    69 |   118 |    84 ||   314

Table legend: (Time is in decaauts)
 A = Elapsed time spent in this place.
 B = Non-inter-level travel time spent in this place.
 C = Inter-level travel time spent in this place.
 D = Time resting spent in this place.
 E = Time spent auto-exploring this place.
 F = Levels seen in this place.
 G = Mean time per level.
                   A        B        C        D        E       F      G
               +--------+--------+--------+--------+--------+-----+--------+
         Total |  11024 |  10766 |    258 |     34 |   9129 |  10 | 1102.4 |
       Dungeon |  11024 |  10766 |    258 |     34 |   9129 |  10 | 1102.4 |
               +--------+--------+--------+--------+--------+-----+--------+

Top non-repeatable levels by time:
    D:10: 1507 daAuts
     D:5: 1427 daAuts
     D:2: 1288 daAuts
     D:9: 1215 daAuts
     D:1: 1182 daAuts
     D:4: 1095 daAuts
     D:3: 1037 daAuts
     D:6: 857 daAuts
     D:7: 821 daAuts
     D:8: 592 daAuts
